 Dungeon Crawl Stone Soup version 0.30-a0-12-gd8047c6341 (webtiles) character file.

Game seed: 12773331508110573099

3105 siradein the Fiendish (level 9, 0/75 HPs)
             Began as a Demonspawn Chaos Knight on Aug 24, 2022.
             Was a Priest of Makhleb.
             Slain by a centaur
             ... wielding a +0 halberd
              (4 damage)
             ... in a bailey.
             The game lasted 00:22:39 (10575 turns).

siradein the Fiendish (Demonspawn Chaos Knight)    Turns: 10575, Time: 00:22:39

Health: 0/75       AC: 13    Str: 20    XL:     9   Next: 60%
Magic:  35/35      EV:  6    Int: 19    God:    Makhleb [***...]
Gold:   442        SH:  0    Dex: 12    Spells: 8/8 levels left

rFire   + . .      SeeInvis .    u - +4 trident of Dithmenos's Generosity {vorpal, *Noise rPois MP+9 Int+6}
rCold   . . .      Faith    .    (no shield)
rNeg    . . .      Spirit   .    b - +0 plate armour
rPois   +          Reflect  .    (helmet restricted)
rElec   .          Harm     .    (cloak unavailable)
rCorr   .          Rampage  .    (no gloves)
Will    +....      Clarity  +    (no boots)
Stlth   ..........               (no amulet)
HPRegen 0.22/turn                f - ring of magical power
MPRegen 0.24/turn                w - ring of willpower

@: no status effects
A: slimy green scales 2, powered by death 1, weakness stinger 3, hooves 2, horns
1, clarity, fire resistance 1, high MP 1, strong 1, wild magic 1
a: Renounce Religion, Minor Destruction, Lesser Servant of Makhleb


You were in a bailey.
You worshipped Makhleb.
Makhleb was most pleased with you.
You visited 1 branch of the dungeon, and saw 7 of its levels.
You also visited: Bailey.

You collected 442 gold pieces.

Inventory:

Hand Weapons
 u - the +4 trident of Dithmenos's Generosity (weapon) {vorpal, *Noise rPois MP+9 Int+6}
   (You found it on level 4 of the Dungeon)

   It inflicts extra damage upon your enemies.
   Int:       It affects your intelligence (+6).
   rPois:     It protects you from poison.
   MP:        It affects your magic capacity (+9).
   *Noise:    It may make noises in combat.
 C - a +0 glaive
Missiles
 B - 9 javelins
Armour
 b - a +0 plate armour (worn)
 y - a +2 scale mail of willpower
Jewellery
 f - a ring of magical power (left hand)
 g - a ring of fire
 r - a ring of fire
 w - a ring of willpower (right hand)
Wands
 h - a wand of flame (14)
 n - a wand of mindburst (3)
 p - a wand of digging (3)
Scrolls
 a - a scroll of enchant armour
 d - 2 scrolls of blinking
 i - 3 scrolls of teleportation
 l - a scroll of fog
 m - a scroll of torment
 o - a scroll of enchant weapon
Potions
 e - a potion of brilliance {unknown}
 k - 5 potions of curing {unknown}
 q - a potion of degeneration {unknown}
 s - 2 potions of berserk rage {unknown}
 t - 2 potions of might {unknown}
 v - 2 potions of resistance {unknown}
 x - a potion of attraction {unknown}
 z - a potion of ambrosia {unknown}
Miscellaneous
 c - a piece from Xom's chessboard (15/15)


   Skills:
 + Level 8.6 Fighting
 + Level 7.8 Polearms
 - Level 1.7 Armour
 - Level 0.8 Dodging
 + Level 9.4 Invocations


You had 8 spell levels left.
You didn't know any spells.
Your spell library contained the following spells:

 Spells                   Type           Power      Damage    Failure   Level
 Shock                    Conj/Air       0%         1d3       100%        1
 Summon Small Mammal      Summ           0%         N/A       100%        1
 Call Canine Familiar     Summ           0%         N/A       100%        3
 Summon Guardian Golem    Hex/Summ       0%         N/A       100%        3
 Swiftness                Air            0%         N/A       100%        3
 Airstrike                Air            0%         2d(0-16)  100%        4


Dungeon Overview and Level Annotations

Branches:
Dungeon (7/15)             Temple (0/1) D:6          Bailey (1/1)

Altars:
Makhleb
Vehumet
Wu Jian


Innate Abilities, Weirdness & Mutations

You are mostly covered in slimy green scales. (AC +3)
You regenerate a little health from kills.
You have a sharp stinger which inflicts weakening toxins.
You have hoof-like feet.
You have a pair of small horns on your head.
You possess an exceptional clarity of mind.
Your flesh is heat resistant. (rF+)
You have an increased reservoir of magic. (+10% MP)
Your muscles are strong. (Str +4, Int/Dex -1)
Your spells are a little harder to cast, but a little more powerful.


Message History

The centaur throws a javelin.
The javelin pierces through you!
The centaur throws a javelin.
The javelin barely misses you.
The centaur throws a javelin.
The javelin pierces through you.
The centaur throws a javelin.
The javelin pierces through you.
The centaur throws a javelin.
The javelin pierces through you.
Xom makes a sudden noise!
You hear a very strange noise.
You hear a shout! x2
The centaur throws a javelin.
The javelin pierces through you.
The centaur throws a javelin.
The javelin pierces through you.
The centaur throws a javelin.
The javelin pierces through you but does no damage.
The centaur throws a javelin.
The javelin pierces through you.
The centaur throws a javelin.
The javelin pierces through you!
* * * LOW HITPOINT WARNING * * *
There is an open gate, spattered with blood here.
Things that are here:
a +0 spear; a +0 ring mail You start resting.
The centaur throws a javelin.
The javelin pierces through you but does no damage.
The centaur hits you from afar with a +0 halberd.
* * * LOW HITPOINT WARNING * * *
Things that are here:
a +0 spear; a +0 ring mail The centaur throws a javelin.
The javelin pierces through you but does no damage.
The centaur hits you but does no damage.
The centaur hits you with a +0 halberd.
* * * LOW HITPOINT WARNING * * *
The centaur kicks you but does no damage.
There is an open gate, spattered with blood here.
Reach: u) +4 trident of Dithmenos's Generosity {vorpal, *Noise rPois MP+9 Int+6}
Press: ? - help, Dir - move target, f - centaur
Aim: a centaur, wielding a +0 halberd, wearing a +0 scale mail and quivering javelins (about 20% to evade the +4 trident of Dithmenos's Generosity)
You hit the centaur. You kick the centaur, but do no damage.
The centaur is lightly wounded.
The centaur hits you with a +0 halberd!
* * * LOW HITPOINT WARNING * * *
The centaur kicks you but does no damage.
The centaur hits you with a +0 halberd.
You die...

≈≈≈≈≈≈≈..≈≈≈≈≈≈≈#.......⌠########
≈.....≈≈≈).≈≈≈≈≈#....#####.......
........≈≈≈.≈≈≈≈#)..##....≈≈≈≈≈≈≈
..........≈.≈≈≈≈#...#.⌠.≈≈≈......
........⌠.≈≈.≈≈≈#...#..≈≈).≈≈≈≈≈≈
..........)≈)≈≈≈#..⌠#.≈≈.≈≈≈.....
≈≈≈≈≈≈≈....≈≈)≈≈#..##)≈.≈≈).≈≈≈≈≈
≈~~~~~≈≈≈...#####).#)≈≈.≈.≈≈≈...≈
~≈≈≈≈≈~≈≈≈......@..#.≈.≈≈)≈..⌠.⌠.
≈≈|.)~o≈≈≈...).c'..#.≈...)≈..∩∩∩.
~≈≈≈≈≈~≈≈≈.)....)).#.≈.≈≈.≈..⌠.⌠.
≈~~~~~≈≈≈...#####..#.≈≈.≈.≈≈≈...≈
≈≈≈≈≈≈≈....≈≈.≈≈#..##.≈.≈≈..≈≈≈≈≈
...........≈)≈≈≈#..⌠#.≈≈.≈≈≈.....
........⌠.≈≈.≈≈≈#...#.)≈≈..≈≈≈≈≈≈
..........≈.≈≈≈≈#...#.⌠.≈≈≈......
........≈≈≈.≈≈≈≈#)..##...)≈≈≈≈≈≈≈


You could see a centaur.

Vanquished Creatures
  9 orc warriors (Bailey)
  An ice beast (D:6)
  A black bear (D:6)
  3 ogres (D:5)
  9 centaurs (Bailey)
  3 phantoms (D:5)
  2 necrophages
  2 scorpions (D:5)
  A gnoll sergeant (D:6)
  An orc priest (D:5)
  2 hounds
  A jelly (D:5)
  Jessica (D:3)
  3 iguanas
  Ijyb (D:5)
  3 orc wizards
  3 gnolls (D:6)
  6 adders
  An ufetubus (D:4)
  A worm (D:4)
  6 dart slugs
  37 orcs
  7 ball pythons
  7 endoplasms
  3 giant cockroaches
  9 goblins
  8 hobgoblins
  11 jackals
  3 kobolds
  A quokka (D:3)
  4 bats
  2 frilled lizards
  3 rats
155 creatures vanquished.

Vanquished Creatures (others)
  An orc warrior (Bailey)
1 creature vanquished.

Grand Total: 156 creatures vanquished

Notes
Turn   | Place    | Note
-------+----------+-------------------------------------------
     0 | D:1      | siradein the Demonspawn Chaos Knight began the quest for
                  | the Orb.
     0 | D:1      | Reached XP level 1. HP: 18/18 MP: 1/1
    32 | D:1      | XOM: divination: detect creatures
   220 | D:1      | XOM: noise
   222 | D:1      | Gained mutation: You are partially covered in slimy green
                  | scales. (AC +2) [demonic ancestry]
   222 | D:1      | Reached XP level 2. HP: 21/24 MP: 2/2
   548 | D:1      | Found a faded altar of an unknown god.
   569 | D:1      | Prayed at the altar of an unknown god.
   569 | D:1      | Fell from the grace of Xom
   569 | D:1      | Became a worshipper of Makhleb the Destroyer
   569 | D:1      | Reached * piety under Makhleb
   614 | D:1      | XOM: summons 1 hostile demon
   674 | D:1      | Gained mutation: You are mostly covered in slimy green
                  | scales. (AC +3) [demonic ancestry]
   674 | D:1      | Reached XP level 3. HP: 29/29 MP: 3/3
  1081 | D:2      | Found an ornate altar of the Wu Jian Council.
  1163 | D:2      | Noticed a shapeshifter
  1163 | D:2      | an adder changed into a shapeshifter
  1163 | D:2      | Noticed a spriggan
  1163 | D:2      | a shapeshifter changed into a spriggan
  1166 | D:2      | Noticed a komodo dragon
  1166 | D:2      | a spriggan changed into a komodo dragon
  1175 | D:2      | Noticed a queen bee
  1175 | D:2      | a komodo dragon changed into a queen bee
  1532 | D:2      | XOM: enchant monster (bad)
  1646 | D:3      | Reached XP level 4. HP: 36/37 MP: 4/4
  1696 | D:3      | Noticed Jessica
  1729 | D:3      | Killed Jessica
  1760 | D:3      | XOM: divination: detect creatures
  1784 | D:3      | Reached ** piety under Makhleb
  2452 | D:4      | Identified the +4 trident of Dithmenos's Generosity
                  | {vorpal, *Noise rPois MP+9 Int+6}
  2672 | D:4      | Reached XP level 5. HP: 43/43 MP: 5/5
  2900 | D:4      | Reached skill level 1 in Invocations
  3340 | D:5      | Entered Level 5 of the Dungeon
  3340 | D:5      | Noticed a phantom
  3353 | D:5      | Killed a phantom
  3354 | D:5      | Reached skill level 2 in Invocations
  3358 | D:5      | Reached skill level 5 in Fighting
  3358 | D:5      | Gained mutation: You have a small tail. [demonic ancestry]
  3358 | D:5      | Reached XP level 6. HP: 51/51 MP: 7/7
  3855 | D:5      | Reached skill level 3 in Invocations
  3972 | D:5      | Reached skill level 5 in Polearms
  3972 | D:5      | Reached skill level 4 in Invocations
  4117 | D:5      | Gained mutation: You have a tail ending in a sharp stinger.
                  | [demonic ancestry]
  4117 | D:5      | Reached XP level 7. HP: 50/57 MP: 10/10
  4209 | D:5      | XOM: 9-stop teleportation journey
  4267 | D:5      | Noticed Ijyb
  4275 | D:5      | Killed Ijyb
  4276 | D:5      | Reached skill level 5 in Invocations
  4738 | D:5      | XOM: give mutations
  4738 | D:5      | Gained mutation: You have large cloven feet. [Xom's grace]
  4738 | D:5      | Gained mutation: You have an increased reservoir of magic.
                  | (+10% MP) [Xom's grace]
  4738 | D:5      | Gained mutation: Your muscles are strong. (Str +4, Int/Dex
                  | -1) [Xom's grace]
  4738 | D:5      | Gained mutation: You have hoof-like feet. [Xom's grace]
  4768 | D:5      | XOM: cloud trail
  5207 | D:6      | Gained mutation: You regenerate a little health from kills.
                  | [demonic ancestry]
  5207 | D:6      | Reached XP level 8. HP: 65/65 MP: 13/13
  5254 | D:6      | XOM: 2-stop teleportation journey
  5357 | D:6      | Reached skill level 6 in Invocations
  5408 | D:6      | Identified the +7 hand axe of Suicidal Tendencies {drain,
                  | rElec Dex+3}
  5824 | D:6      | XOM: give mutations
  5824 | D:6      | Gained mutation: Your flesh is heat resistant. (rF+) [Xom's
                  | grace]
  5824 | D:6      | Gained mutation: Your spells are a little harder to cast,
                  | but a little more powerful. [Xom's grace]
  5824 | D:6      | Gained mutation: You possess an exceptional clarity of
                  | mind. [Xom's grace]
  5824 | D:6      | Gained mutation: You have a pair of small horns on your
                  | head. [Xom's grace]
  6141 | D:6      | Found a staircase to the Ecumenical Temple.
  6262 | D:7      | Found a radiant altar of Vehumet.
  6297 | D:7      | Found a flagged portal.
  6306 | D:7      | Reached skill level 7 in Invocations
  6311 | D:7      | Reached *** piety under Makhleb
  6321 | Bailey   | Entered a bailey
  6817 | Bailey   | XOM: scenery: 3 fountains blood, 1 doors open
  7120 | Bailey   | XOM: divination: magic mapping
  7287 | Bailey   | Reached skill level 8 in Invocations
  7287 | Bailey   | Gained mutation: You have a sharp stinger which inflicts
                  | weakening toxins. [demonic ancestry]
  7287 | Bailey   | Reached XP level 9. HP: 53/73 MP: 16/16
  7583 | Bailey   | XOM: blink monster(s)
  9714 | Bailey   | Reached skill level 9 in Invocations
 10560 | Bailey   | XOM: noise
 10575 | Bailey   | Slain by a centaur

Illustrated notes

Levels and vault maps discovered:
D:1:      dpeg_arrival_prison, layout_basic, shapermc_ecumenical_altar_gd,
          minmay_misc_feat_square, due_unseen_surprise
D:2:      layout_rooms, basic_altar, nrook_mini_vaults, uniq_crazy_yiuf_cottage
D:3:      layout_rooms, minmay_distorted, uniq_jessica
D:4:      layout_basic, nrook_campfire
D:5:      layout_loops_corners, uniq_ijyb
D:6:      layout_loops_cross, temple_hall
D:7:      layout_cave_pools, vehumet_crystals, enter_bailey_5, serial_shops,
          nicolae_square_shop, uniq_joseph, uniq_maggie
Bailey:   bailey_polearm_flooded_kennysheep, bailey

Skill      XL: |  1  2  3  4  5  6  7  8  9 |
---------------+----------------------------+-----
Polearms       | 3 4 5 7 |  7.8
Fighting       | 4 5 6 7 8 |  8.6
Invocations    | 2 4 5 8 9 |  9.4
Armour         | |  1.7
Dodging        | |  0.8

Action                   |  1- 3 |  4- 6 |  7- 9 || total
-------------------------+-------+-------+-------++-------
Melee: Spear             |   130 |   101 |       ||   231
       Punch             |     1 |     2 |     2 ||     5
       Trident           |       |    67 |   287 ||   354
       Tailslap          |       |     2 |    15 ||    17
       Kick              |       |       |    23 ||    23
       Headbutt          |       |       |     8 ||     8
Invok: Minor Destruction |       |     1 |    72 ||    73
Evoke: Wand              |       |     1 |       ||     1
  Use: Scroll            |       |    10 |     2 ||    12
 Stab: Paralysed         |     2 |       |       ||     2
       Sleeping          |       |     1 |       ||     1
       Fleeing           |       |       |     1 ||     1
Armor: Leather armour    |    85 |    34 |       ||   119
       Plate armour      |       |    40 |    82 ||   122
       Scale mail        |       |       |    78 ||    78
Dodge: Dodged            |    85 |    51 |   137 ||   273

Table legend: (Time is in decaauts)
 A = Elapsed time spent in this place.
 B = Non-inter-level travel time spent in this place.
 C = Inter-level travel time spent in this place.
 D = Time resting spent in this place.
 E = Time spent auto-exploring this place.
 F = Levels seen in this place.
 G = Mean time per level.
                   A        B        C        D        E       F      G
               +--------+--------+--------+--------+--------+-----+--------+
         Total |  10556 |  10185 |    371 |   2314 |   5919 |   8 | 1319.5 |
       Dungeon |   6310 |   5939 |    371 |    262 |   4557 |   7 |  901.4 |
        Bailey |   4245 |   4245 |      0 |   2052 |   1362 |   1 | 4245.0 |
               +--------+--------+--------+--------+--------+-----+--------+

Top non-repeatable levels by time:
  Bailey: 4245 daAuts
     D:5: 1685 daAuts
     D:1: 1463 daAuts
     D:4: 1156 daAuts
     D:6: 992 daAuts
     D:3: 650 daAuts
     D:2: 225 daAuts
     D:7: 136 daAuts
